 Dungeon Crawl Stone Soup version 0.31-a0-664-g902f515a81 (webtiles) character file.

Game seed: 2673134323301733736

612004 Armakuni the Human Ballista (level 27, -7/194 HPs)
             Began as a Human Artificer on Aug 19, 2023.
             Was an Initiate of Gozag.
             Mangled by a purple draconian
             ... wielding a +0 trident
              (13 damage)
             ... on level 4 of the Realm of Zot on Sept 2, 2023.
             The game lasted 04:42:40 (89265 turns).

Armakuni the Human Ballista (Human Artificer)      Turns: 89265, Time: 04:42:41

Health: -7/194     AC: 43    Str: 31    XL:     27
Magic:  4/20       EV: 10    Int: 22    God:    Gozag
Gold:   356        SH: 30    Dex: 14    Spells: 16/26 levels left

rFire   + + +        a - +4 broad axe (elec)
rCold   + + +        k - +5 tower shield {rC+ rF+}
rNeg    + + .        g - +9 scales of the Dragon King {rPois rF+ rC+ Will+}
rPois   +            U - +2 helmet {SInv}
rElec   +            w - +2 cloak {Will+}
rCorr   +            V - +0 pair of gloves of the Scribe {rF+ rN+ Str+4}
SInv    +            R - +4 pair of boots of Calculation {Str+3}
Will    +++++        H - amulet "Tumnauh" {Reflect rC+ rCorr Str+2 SH+5} Stlth
                     b - +4 ring of slaying
HPRegen 0.52/turn    E - ring of Xegyog {+Blink rElec rN+ Will++ Int+4}
MPRegen 0.17/turn

%: reflection
@: about to teleport, constricted, studying Stealth
A: clever 1, low MP 1, subdued magic 1
}: 4/15 runes: decaying, serpentine, slimy, silver
a: Renounce Religion, Evoke Blink, Potion Petition, Call Merchant, Bribe Branch


You were on level 4 of the Realm of Zot.
You worshipped Gozag.
Gozag was aware of your devotion.
You visited 11 branches of the dungeon, and saw 54 of its levels.
You also visited: Sewer and Ice Cave.

You collected 30939 gold pieces.
You spent 9180 gold pieces at shops.
You paid 21403 gold pieces to Gozag.

Inventory:

Hand Weapons
 a - a +4 broad axe of electrocution (weapon)
Missiles
 d - 9 javelins
 u - 14 curare-tipped darts
 y - 7 boomerangs (quivered)
 L - a dart of dispersal
 X - 3 atropa-tipped darts
Armour
 g - the +9 scales of the Dragon King (worn) {rPois rF+ rC+ Will+}
   (You bought it in a shop on level 1 of the Lair of Beasts)

   rF+:       It protects you from fire.
   rC+:       It protects you from cold.
   rPois:     It protects you from poison Will+: It increases your willpower.
 k - a +5 tower shield of resistance (worn)
 w - a +2 cloak of willpower (worn)
 R - the +4 pair of boots of Calculation (worn) {Str+3}
   (You found it on level 3 of the Elven Halls)

   Str+3:     It affects your strength (+3).
 U - a +2 helmet of see invisible (worn)
 V - the +0 pair of gloves of the Scribe (worn) {rF+ rN+ Str+4}
   (You acquired it on level 1 of the Elven Halls)

   Str+4:     It affects your strength (+4).
   rF+:       It protects you from fire.
   rN+:       It protects you from negative energy.
Jewellery
 b - a +4 ring of slaying (left hand)
 E - the ring of Xegyog (right hand) {+Blink rElec rN+ Will++ Int+4}
   (You found it on level 3 of the Crypt)

   [ring of positive energy]

   Int+4:     It affects your intelligence (+4).
   rElec:     It insulates you from electricity.
   rN+:       It protects you from negative energy.
   Will++:    It greatly increases your willpower.
   +Blink:    It lets you blink.
 H - the amulet "Tumnauh" (around neck) {Reflect rC+ rCorr Str+2 SH+5}
   (You bought it in a shop on level 4 of the Snake Pit)

   [amulet of reflection]

   Reflect:   It reflects blocked missile attacks.
   Str+2:     It affects your strength (+2).
   rC+:       It protects you from cold.
   rCorr:     It protects you from acid and corrosion.
   SH+5:      It affects your SH (+5).
 M - the macabre finger necklace {Finger+ rN+}
   (You bought it in a shop on level 4 of the Snake Pit)

   [amulet of nothing]

   Finger+:   It enables you to equip an extra ring.
   rN+:       It protects you from negative energy.
Wands
 j - a wand of iceblast (6)
 l - a wand of light (21)
 m - a wand of mindburst (18)
 p - a wand of paralysis (44)
 q - a wand of digging (17)
 r - a wand of polymorph (13)
 v - a wand of flame (91)
Scrolls
 c - 8 scrolls of fog
 s - 17 scrolls of noise
 x - 2 scrolls of brand weapon
 z - a scroll of fear
 B - 4 scrolls of poison
 C - 4 scrolls of torment
 D - 4 scrolls of teleportation
 F - 41 scrolls of identify
 O - 5 scrolls of silence
 Q - 9 scrolls of revelation
 T - 9 scrolls of vulnerability
 Z - 8 scrolls of amnesia
Potions
 e - 24 potions of curing
 f - 9 potions of magic
 i - 15 potions of mutation
 n - 4 potions of haste
 o - 8 potions of enlightenment
 A - 2 potions of invisibility
 G - 5 potions of cancellation
 I - 3 potions of lignification
 J - 2 potions of heal wounds
 K - 7 potions of resistance
 N - a potion of ambrosia
Miscellaneous
 h - a phantom mirror (inert)
 t - a tin of tremorstones (inert)


   Skills:
 - Level 11.2 Fighting
 + Level 22.8(23.9) Axes
 - Level 9.3(18.8) Maces & Flails
 - Level 9.3(18.8) Polearms
 - Level 12.0(14.4) Staves
 O Level 27 Throwing
 - Level 15.0 Armour
 - Level 18.1 Dodging
 - Level 1.0 Stealth
 + Level 18.7 Shields
 - Level 2.3 Necromancy
 - Level 15.7 Evocations


You had 16 spell levels left.
You knew the following spells:

 Your Spells              Type           Power      Damage    Failure   Level
b - Portal Projectile     Hex/Tloc       0%         N/A       100%        3
c - Blink                 Tloc           0%         N/A       99%         2
d - Iskenderun's Mystic   Conj/Tloc      0%         2d3       100%        4
z - Apportation           Tloc           0%         N/A       98%         1

Your spell library contained the following spells:

 Spells                   Type           Power      Damage    Failure   Level
 Necrotise                Necr           28%        1d5       82%         1
 Sublimation of Blood     Necr           7%         N/A       92%         2
 Foxfire                  Conj/Fire      0%         2x1d4     98%         1
 Freeze                   Ice            0%         1d3       98%         1
 Magic Dart               Conj           0%         1d3       98%         1
 Summon Small Mammal      Summ           0%         N/A       98%         1
 Cigotuvi's Dreadful Rot  Necr/Pois/Air  4%         N/A       99%         2
 Ensorcelled Hibernation  Hex/Ice        0%         N/A       99%         2
 Lesser Beckoning         Tloc           0%         N/A       99%         2
 Passwall                 Tmut/Erth      0%         N/A       99%         2
 Poisonous Vapours        Pois/Air       0%         N/A       99%         2
 Scorch                   Fire           0%         2d5       99%         2
 Searing Ray              Conj           0%         2d4       99%         2
 Static Discharge         Conj/Air       0%         2-2/arc   99%         2
 Wereblood                Tmut           0%         N/A       99%         2
 Vampiric Draining        Necr           7%         2d6       99%         3
 Call Canine Familiar     Summ           0%         N/A       100%        3
 Dazzling Flash           Conj/Hex       0%         N/A       100%        3
 Frozen Ramparts          Ice            0%         1d1       100%        3
 Gell's Gravitas          Tloc           0%         N/A       100%        3
 Hailstorm                Conj/Ice       0%         3d3       100%        3
 Ignite Poison            Fire/Tmut/Pois 0%         N/A       100%        3
 Inner Flame              Hex/Fire       0%         N/A       100%        3
 Ozocubu's Armour         Ice            0%         N/A       100%        3
 Stone Arrow              Conj/Erth      0%         3d7       100%        3
 Summon Guardian Golem    Hex/Summ       0%         N/A       100%        3
 Swiftness                Air            0%         N/A       100%        3
 Teleport Other           Tloc           0%         N/A       100%        3
 Tukima's Dance           Hex            0%         N/A       100%        3
 Volatile Blastmotes      Fire/Tloc      0%         2d10      100%        3
 Airstrike                Air            0%         2d(0-16)  100%        4
 Anguish                  Hex/Necr       1%         N/A       100%        4
 Animate Armour           Summ/Erth      0%         N/A       100%        4
 Cause Fear               Hex            0%         N/A       100%        4
 Flame Wave               Conj/Fire      0%         2d4       100%        4
 Fulminant Prism          Conj/Hex       0%         3d5       100%        4
 Leda's Liquefaction      Hex/Erth       0%         N/A       100%        4
 Manifold Assault         Tloc           0%         N/A       100%        4
 Olgreb's Toxic Radiance  Pois           0%         N/A       100%        4
 Passage of Golubria      Tloc           0%         N/A       100%        4
 Petrify                  Tmut/Erth      0%         N/A       100%        4
 Sticky Flame             Conj/Fire      0%         2d3       100%        4
 Summon Ice Beast         Ice/Summ       0%         N/A       100%        4
 Summon Lightning Spire   Summ/Air       0%         N/A       100%        4
 Vhi's Electric Charge    Tloc/Air       0%         N/A       100%        4
 Agony                    Necr           7%         N/A       100%        5
 Alistair's Intoxication  Tmut/Pois      0%         N/A       100%        5
 Arcjolt                  Conj/Air       0%         1d10      100%        5
 Borgnjor's Vile Clutch   Necr/Erth      1%         N/A       100%        5
 Freezing Cloud           Conj/Ice/Air   0%         6-21      100%        5
 Irradiate                Conj/Tmut      0%         3d11      100%        5
 Lee's Rapid Deconstruct  Erth           0%         3d4*      100%        5
 Metabolic Englaciation   Hex/Ice        0%         N/A       100%        5
 Silence                  Hex/Air        0%         N/A       100%        5
 Summon Forest            Summ/Tloc      0%         N/A       100%        5
 Summon Mana Viper        Hex/Summ       0%         N/A       100%        5
 Yara's Violent Unravell  Hex/Tmut       0%         3d3       100%        5
 Death Channel            Necr           3%         N/A       100%        6
 Dispersal                Tloc           0%         N/A       100%        6
 Eringya's Noxious Bog    Tmut/Pois      0%         4d6       100%        6
 Starburst                Conj/Fire      0%         6d3       100%        6
 Summon Cactus Giant      Summ           0%         N/A       100%        6
 Enfeeble                 Hex            0%         N/A       100%        7
 Haunt                    Necr/Summ      1%         N/A       100%        7
 Monstrous Menagerie      Summ           0%         N/A       100%        7
 Orb of Destruction       Conj           0%         9d5       100%        7
 Ozocubu's Refrigeration  Ice            0%         4d7       100%        7
 Spellforged Servitor     Conj/Summ      0%         N/A       100%        7
 Summon Hydra             Summ           0%         N/A       100%        7
 Borgnjor's Revivificati  Necr           3%         N/A       100%        8
 Disjunction              Tloc           0%         N/A       100%        8
 Ignition                 Fire           0%         3d3       100%        8
 Infestation              Necr           3%         N/A       100%        8
 Lehudib's Crystal Spear  Conj/Erth      0%         10d2      100%        8
 Maxwell's Capacitive Co  Air            0%         ∞         100%        8
 Death's Door             Necr           3%         N/A       100%        9
 Dragon's Call            Summ           0%         N/A       100%        9
 Fire Storm               Conj/Fire      0%         5d1       100%        9
 Polar Vortex             Ice            0%         N/A       100%        9
 Animate Dead             Necr           Unusable   N/A       N/A         4
 Simulacrum               Ice/Necr       Unusable   N/A       N/A         6

Dungeon Overview and Level Annotations

Branches:
Dungeon (15/15)            Temple (0/1) D:7            Lair (5/5) D:8
  Swamp (4/4) Lair:2        Snake (4/4) Lair:2        Slime (5/5) Lair:5
    Orc (2/2) D:9             Elf (3/3) Orc:2        Vaults (5/5) D:13
  Crypt (3/3) Vaults:2       Tomb (0/3) Crypt:3      Depths (4/4) D:15
    Zot (4/5) Depths:4      Sewer (visited)           IceCv (visited)

Altars:
Ashenzari
Cheibriados
Dithmenos
Elyvilon
Fedhas
Gozag
Hepliaklqana
Kikubaaqudgha
Makhleb
Nemelex Xobeh
Okawaru
Qazlal
Sif Muna
Trog
Vehumet
Wu Jian
Xom
Yredelemnul
Jiyva

Shops:
D:7 **=   D:9 *   Orc:1 !   Orc:2 [*=(   Elf:1 [   Elf:2 :   Lair:1 *([
Lair:2 :(   Snake:2 *[(   Snake:4 :=:   Vaults:1 ((   Vaults:2 [   Vaults:3 =
Vaults:4 [   Vaults:5 !:   Crypt:1 !   Depths:2 ([*   Depths:4 [(((

Portals:
Hell: Depths:1 Depths:2 Depths:3 Depths:4
Abyss: Lair:3 Depths:1 Depths:3 Depths:4
Pandemonium: Depths:2 Depths:3
Ziggurat: Depths:4

Annotations:
D:9 2 transporters, MrCrawl's ghost, novice TeFE
Lair:3 2 transporters, zero's ghost, journeyman GrEE
Elf:1 3 runed translucent doors
Elf:2 5 runed translucent doors


Innate Abilities, Weirdness & Mutations

Your mind is acute. (Int +4, Str/Dex -1)
Your magical capacity is low. (-10% MP)
Your spells are a little easier to cast, but a little less powerful.


Message History

* * * LOW HITPOINT WARNING * * *
The moth of wrath goads the storm dragon on!
The storm dragon goes berserk!
The purple draconian hits you but does no damage.
You block the yellow draconian's attack.
The red draconian hits you with a +0 dire flail.
* * * LOW HITPOINT WARNING * * *
The black draconian knight hits you with a +1 antimagic battleaxe!!
* * * LOW HITPOINT WARNING * * *
You feel your power leaking away.
The green draconian hits you with a +0 flail.
* * * LOW HITPOINT WARNING * * *
The green draconian tail-slaps you but does no damage.
The tentacled monstrosity tentacle-slaps you but does no damage.
You block the tentacled monstrosity's attack.
The tentacled monstrosity tentacle-slaps you but does no damage.
The tentacled monstrosity constricts you.
The moth of wrath goads the quicksilver dragon on!
The quicksilver dragon goes berserk!
Okay, then.
You feel much better.
The tentacled monstrosity is no longer berserk.
The quicksilver dragon rages.
You block the purple draconian's attack.
You block the yellow draconian's attack.
You block the red draconian's attack.
The green draconian hits you with a +0 flail!
* * * LOW HITPOINT WARNING * * *
The green draconian barely misses you. You block the moth of wrath's attack.
The tentacled monstrosity tentacle-slaps you.
* * * LOW HITPOINT WARNING * * *
The tentacled monstrosity tentacle-slaps you but does no damage. x2
The tentacled monstrosity constricts you.
* * * LOW HITPOINT WARNING * * *
The black draconian knight misses you.
The wind drake flaps its wings at the white draconian.
The air twists around and strikes you.
The purple draconian hits you from afar with a +0 trident!
You die...
Your body crumbles into a pile of gold.

......##...........##....#
§....##.^....<....^.##...#
.....##..8....k..8..##...#
..⌠.##......##.ky....##..#
⌠...##.....#..k#......#..#
....^.§...#dD>dd#....##..#
.kd.d.§§<.#.yqdX#y8...#..#
§...^§....#..DdX#y...##..#
⌠...##.....#.Db#@q....#..#
..⌠D##.......#ydd....##..#
.....##..8....ddD<..##...#
.....##.^...)8......##...#
.##...##...........##...##
#.y...###...^...### ...
#.#d...###.#.#.###.. #.
....#....d#######d....
...D##......d......?...


You could see 2 tentacled monstrosities, a black draconian knight, 2 storm
dragons, a shard shrike (berserk), 2 draconians, 2 draconians, 2 draconians, 2
draconians, a red draconian (berserk), 2 draconians, 2 quicksilver dragons, a
white draconian stormcaller, 2 wind drakes, a lindwurm (summoned) and 4 moths of
wrath.

Vanquished Creatures
  Dissolution (Slime:5)
  the Royal Jelly (Slime:5)
  2 dread liches
  An ancient lich (Crypt:3)
  2 juggernauts (Depths:3)
  The ghost of Hacs the Ruinous, a veteran DgCj (Depths:4)
  Vv (Zot:3)
  3 Killer Klowns
  Saint Roka (Orc:2)
  Xtahua (Vaults:4)
  Frederick (Vaults:2)
  2 curse toes
  4 golden dragons
  A caustic shrike (Depths:1)
  A bone dragon (Crypt:3)
  Nikola (Swamp:4)
  3 doom hounds (Crypt:2)
  Norris (Elf:1)
  Jorgrun (Swamp:2)
  2 electric golems
  A Hell Sentinel (Depths:4)
  17 tentacled monstrosities
  A walking earthen tome (Depths:1)
  5 deep elf blademasters
  Asterion (Depths:1)
  11 titans
  8 liches
  A walking divine tome (Depths:2)
  Grunn (Crypt:2)
  3 quicksilver dragons
  14 acid blobs
  9 sphinxes
  3 deep elf master archers (Elf:3)
  6 ancient champions
  9 death cobs
  Gastronok (Lair:2)
  Frances (Elf:1)
  9 tengu reavers
  14 storm dragons
  9 shadow dragons
  5 revenants
  2 nagarajas (Snake:4)
  13 rockslimes
  5 draconian monks
  8 azure jellies
  3 draconian knights
  3 deep elf sorcerers
  4 fire giants
  10 frost giants
  2 iron dragons (Depths:2)
  The ghost of Acveupuk the Warrior, a journeyman HOMo of Beogh (Depths:2)
  5 draconian scorchers
  7 draconian stormcallers
  18 vault wardens
  2 ghost moths (Zot:3)
  12 ghouls
  2 draconian shifters
  2 deep elf elementalists
  Louise (Depths:1)
  2 curse skulls
  4 cacodemons (Depths:2)
  A quicksilver ooze (shapeshifter) (Elf:1)
  The ghost of Layddamu the Basher, a journeyman HuFi of Okawaru (D:15)
  11 quicksilver oozes
  2 reapers
  19 ironbound preservers
  A formless jellyfish (Vaults:4)
  A war gargoyle (Vaults:5)
  3 draconian annihilators
  15 very ugly things
  13 stone giants
  3 green draconians
  4 ironbound thunderhulks
  10 vampire knights
  8 black draconians
  3 yellow draconians
  10 deep elf demonologists
  3 eleionomae
  8 spark wasps
  6 red draconians
  3 bunyips
  9 purple draconians
  10 deep elf annihilators
  4 white draconians
  2 eidola (Crypt:2)
  6 dire elephants (Vaults:1)
  12 deep elf death magi
  14 ettins
  14 fire dragons
  2 crystal guardians
  A mummy priest (Crypt:3)
  14 yaktaur captains
  19 jiangshi
  Fannar (D:12)
  16 deep elf high priests
  2 shambling mangroves
  16 great orbs of eyes
  Josephine (Lair:4)
  6 rakshasas
  2 spriggan zombies
  21 hydras
  2 ogre magi
  2 salamander tyrants
  A caustic shrike simulacrum (IceCv)
  35 vault guards
  4 spriggan air magi
  2 peacekeepers
  14 centaur warriors
  19 ice dragons
  11 anacondas
  7 boulder beetles
  4 ghost crabs
  3 two-headed ogres
  14 ironbound frosthearts
  A spriggan skeleton (Crypt:3)
  A catoblepas (Lair:5)
  8 alligators
  15 dancing weapons
  A fenstrider witch skeleton (Crypt:3)
  3 death knights
  6 spriggan berserkers
  9 deep troll shamans
  6 tengu warriors
  13 naga warriors
  20 naga sharpshooters
  16 deep troll earth magi
  Urug (D:12)
  3 demonic crawlers (Elf:1)
  3 death yaks (Lair:4)
  8 vampire magi
  6 shock serpents
  2 emperor scorpion zombies
  An orc high priest (Orc:2)
  A sun demon (Depths:2)
  Amaemon (Lair:3)
  7 hell knights (Depths:1)
  7 skysharks
  Sonja (Lair:4)
  8 deep elf knights
  10 iron trolls
  10 salamander mystics
  A soul eater (Crypt:3)
  A sixfirhy (Depths:2)
  5 goliath frogs
  13 swamp dragons
  55 deep trolls
  A spriggan druid (Swamp:2)
  27 skeletal warriors
  4 flayed ghosts
  7 glowing orange brains
  2 orange crystal statues
  7 bog bodies
  9 naga ritualists
  10 deep elf archers
  9 orc knights
  7 lindwurms
  16 ironbound convokers
  20 deep elf zephyrmancers
  18 phantasmal warriors
  6 necromancers
  A jorogumo zombie (Crypt:1)
  3 wizards
  A broodmother zombie (Crypt:3)
  2 harpies
  6 shining eyes
  8 mana vipers
  46 ugly things
  A shadow dragon skeleton (Crypt:3)
  12 deep elf pyromancers
  8 orc sorcerers
  An iron dragon zombie (Crypt:3)
  A faun (Orc:1)
  3 cyclopes
  A moth of wrath (shapeshifter) (Elf:2)
  A will-o-the-wisp (Swamp:2)
  A manticore (D:13)
  4 guardian serpents
  An iron dragon skeleton (Crypt:3)
  A shock serpent zombie (Crypt:3)
  28 salamanders
  16 naga magi
  A guardian serpent (shapeshifter) (Vaults:1)
  21 moths of wrath
  33 black mambas
  An ice statue (D:13)
  7 elephants
  21 vault sentinels
  2 eyes of devastation (Slime:2)
  An eleionoma skeleton (Crypt:2)
  2 molten gargoyles (Lair:5)
  A smoke demon (Depths:2)
  An orange demon (Lair:3)
  A torpor snail (Lair:3)
  2 unseen horrors
  A shock serpent skeleton (Crypt:3)
  3 rime drakes
  10 cane toads
  2 ice devils (Depths:2)
  41 yaktaurs
  7 freezing wraiths
  15 komodo dragons
  A pale draconian zombie (Crypt:2)
  An anaconda simulacrum (IceCv)
  7 guardian mummies (Crypt:3)
  6 meliai (D:15)
  2 tengu conjurers
  A merfolk (shapeshifter) (Vaults:5)
  2 red devils (Depths:2)
  9 tyrant leeches
  A catoblepas skeleton (Crypt:3)
  4 trolls
  A meliai (shapeshifter) (Depths:2)
  Grinder (D:5)
  3 hellwings (Depths:2)
  2 bloated husks
  4 polar bears
  19 hornets
  A harpy skeleton (Crypt:1)
  A dream sheep (shapeshifter) (Depths:2)
  A raiju (shapeshifter) (Depths:2)
  A tarantella (shapeshifter) (Vaults:5)
  2 alligator simulacra (IceCv)
  16 dream sheep
  A culicivora zombie (Crypt:1)
  13 blink frogs
  A boulder beetle zombie (Crypt:2)
  A radroach zombie (Crypt:1)
  A stone giant simulacrum (Crypt:1)
  A death drake skeleton (Crypt:2)
  80 yaks
  A flying skull (Crypt:3)
  82 slime creatures
  15 spriggans
  2 air elementals (Elf:2)
  3 water elementals
  8 wraiths
  4 fire elementals
  2 wyverns (shapeshifter) (Depths:2)
  7 basilisks
  A fire bat (shapeshifter) (Depths:2)
  A fire bat (D:11)
  11 humans
  6 wyverns
  A tyrant leech zombie (Crypt:2)
  5 golden eyes (Slime:2)
  3 hogs (D:12)
  A wind drake skeleton (Crypt:3)
  3 steam dragons
  15 vampire mosquitoes
  A harpy simulacrum (IceCv)
  A faun zombie (Crypt:3)
  8 wargs
  A water moccasin (shapeshifter) (Elf:2)
  2 acid dragons
  A hydra simulacrum (IceCv)
  46 nagas
  15 swamp worms
  A fire bat skeleton (Crypt:2)
  9 water moccasins
  A merfolk skeleton (Crypt:1)
  2 floating eyes (Slime:4)
  9 ice beasts (D:13)
  A two-headed ogre skeleton (Crypt:1)
  Duvessa (D:7)
  5 hell hounds (Lair:5)
  40 orc warriors
  9 swamp drakes
  An ettin simulacrum (IceCv)
  2 sky beasts
  9 ogres
  19 wolves
  An ogre (shapeshifter) (Depths:3)
  13 centaurs
  11 boggarts
  A phantom (D:4)
  2 kobold brigands
  3 gnoll sergeants
  3 earth elementals
  An elf skeleton (Crypt:3)
  14 bullfrogs
  3 necrophages
  A scorpion (D:4)
  A yaktaur skeleton (Crypt:2)
  A water moccasin zombie (D:3)
  10 wights
  Dowan (D:7)
  5 killer bees
  A lindwurm simulacrum (IceCv)
  4 electric eels
  5 howler monkeys
  4 crimson imps
  6 lava snakes
  A jelly (D:5)
  Crazy Yiuf (D:7)
  2 hounds (D:6)
  3 gnoll boudas
  A centaur skeleton (Crypt:2)
  16 orc priests
  Natasha (D:4)
  4 iguanas
  28 orc wizards
  A deep dwarf skeleton (Crypt:3)
  An acid dragon skeleton (Crypt:2)
  A hound zombie (D:3)
  2 hound skeletons (D:3)
  A mummy (Crypt:3)
  21 gnolls
  10 adders
  7 river rats
  A river rat (shapeshifter) (Depths:2)
  A shadow imp (D:7)
  2 white imps (D:13)
  2 ufetubi
  An adder skeleton (D:3)
  2 worms
  A worm (shapeshifter) (Depths:2)
  4 dart slugs
  106 orcs
  An orc (shapeshifter) (Depths:2)
  11 ball pythons
  A ball python (shapeshifter) (Vaults:5)
  9 bats
  4 endoplasms
  5 giant cockroaches
  A giant cockroach (shapeshifter) (Depths:2)
  6 goblins
  3 hobgoblins
  8 jackals
  3 quokkas
  A ball python skeleton (D:3)
  A bat (shapeshifter) (Depths:2)
  10 frilled lizards
  A frilled lizard zombie (Crypt:1)
  2 jackal skeletons
  16 kobolds
  A quokka zombie (D:3)
  8 rats
2329 creatures vanquished.

Vanquished Creatures (collateral kills)
  A dread lich (Vaults:5)
  Mennas (Crypt:2)
  A nagaraja (Snake:3)
  A storm dragon (Vaults:5)
  A fire giant (Vaults:5)
  A shadow dragon (Vaults:5)
  An ironbound preserver (Vaults:5)
  A very ugly thing (Vaults:5)
  A yaktaur captain (Vaults:5)
  A spriggan berserker (Depths:1)
  A deep troll (Vaults:5)
  Pikel (D:6)
  A moth of wrath (Zot:4)
  A naga mage (Snake:2)
  A slime creature (Vaults:1)
  Sigmund (D:4)
  2 wights (D:6)
  2 gnolls (D:5)
  A worm (D:4)
  A jackal (D:1)
22 creatures vanquished.

Vanquished Creatures (others)
  2 eldritch tentacles (Depths:4)
  A very ugly thing (Depths:4)
  A stone giant (Depths:4)
  A rakshasa (Vaults:4)
  A tengu warrior (Swamp:4)
  A deep elf knight (Elf:2)
  A swamp dragon (Swamp:4)
  A spriggan druid (Swamp:3)
  A wizard (Vaults:4)
  A deep elf zephyrmancer (Elf:1)
  2 deep elf pyromancers
  2 salamanders (Depths:4)
  3 bloated husks
  A swamp worm (Swamp:3)
  A human (D:9)
  A scorpion (D:4)
  A killer bee (D:8)
  An orc wizard (D:9)
  An orc (D:12)
  A jackal (D:1)
  2 ball lightnings (Depths:4)
  A butterfly (D:8)
  6 foxfires (Swamp:2)
34 creatures vanquished.

Grand Total: 2385 creatures vanquished

Notes
Turn   | Place    | Note
-------+----------+-------------------------------------------
     0 | D:1      | Armakuni the Human Artificer began the quest for the Orb.
     0 | D:1      | Reached XP level 1. HP: 15/15 MP: 1/1
   111 | D:1      | Reached XP level 2. HP: 21/21 MP: 2/2
   366 | D:1      | Reached XP level 3. HP: 26/26 MP: 3/3
  1119 | D:2      | Reached XP level 4. HP: 31/32 MP: 4/4
  1570 | D:3      | Found a shimmering altar of Xom.
  1674 | D:2      | Reached skill level 5 in Evocations
  1772 | D:2      | Reached XP level 5. HP: 32/37 MP: 5/5
  2170 | D:3      | Reached XP level 6. HP: 42/43 MP: 6/6
  3061 | D:4      | Noticed Natasha
  3063 | D:4      | Killed Natasha
  3064 | D:4      | Reached XP level 7. HP: 48/48 MP: 7/7
  3367 | D:4      | Noticed Sigmund
  3450 | D:4      | Killed Sigmund
  3451 | D:4      | Reached skill level 10 in Evocations
  3451 | D:4      | Reached XP level 8. HP: 31/54 MP: 8/8
  3819 | D:5      | Entered Level 5 of the Dungeon
  3877 | D:5      | Reached skill level 1 in Shields
  4536 | D:5      | Noticed Grinder
  4539 | D:5      | Killed Grinder
  4836 | D:5      | Reached XP level 9. HP: 40/67 MP: 9/9
  4954 | D:6      | Noticed Pikel
  4971 | D:6      | Killed Pikel
  4972 | D:6      | Reached skill level 5 in Fighting
  5037 | D:6      | Reached skill level 5 in Dodging
  5288 | D:6      | Found a shadowy altar of Dithmenos.
  5335 | D:6      | Reached skill level 1 in Necromancy
  5359 | D:6      | Reached skill level 1 in Staves
  5470 | D:6      | Found a glowing drain.
  5482 | Sewer    | Entered a sewer
  6342 | D:6      | Found a radiant altar of Vehumet.
  6412 | D:6      | Found an opulent altar of Gozag.
  6418 | D:6      | Became a worshipper of Gozag Ym Sagoz the Greedy
  6783 | D:7      | Found Loisai's Jewellery Shoppe.
  6861 | D:7      | Reached XP level 10. HP: 62/74 MP: 10/10
  6903 | D:7      | Found Lomotzoko's General Store.
  6908 | D:7      | Bought a potion of heal wounds for 70 gold pieces
  6908 | D:7      | Bought a potion of mutation for 112 gold pieces
  6908 | D:7      | Bought a wand of flame (6) for 58 gold pieces
  6908 | D:7      | Bought a wand of polymorph (3) for 58 gold pieces
  7019 | D:7      | Found a runed translucent door.
  7020 | D:7      | Noticed Crazy Yiuf
  7025 | D:7      | Killed Crazy Yiuf
  7130 | D:7      | Noticed Dowan
  7131 | D:7      | Noticed Duvessa
  7132 | D:7      | Killed Dowan
  7133 | D:7      | Reached skill level 5 in Staves
  7134 | D:7      | Killed Duvessa
  7340 | D:7      | Found a sparkling altar of Nemelex Xobeh.
  7503 | D:7      | Found a staircase to the Ecumenical Temple.
  7657 | D:7      | Found Suresm's General Store.
  7994 | D:7      | Found a bloodstained altar of Trog.
  8167 | D:8      | Found an ornate altar of the Wu Jian Council.
  8240 | D:8      | Found a white marble altar of Elyvilon.
  8660 | D:9      | Found a staircase to the Orcish Mines.
  9055 | D:8      | Found a staircase to the Lair.
  9347 | D:8      | Found a hazy altar of Hepliaklqana.
  9623 | D:9      | Found a stormy altar of Qazlal.
  9788 | D:9      | Found a snail-covered altar of Cheibriados.
  9923 | D:9      | You fall into a shaft and drop 2 floors!
  9952 | D:11     | Killed an unseen horror
 10040 | D:10     | Entered Level 10 of the Dungeon
 10042 | D:10     | Found an iron altar of Okawaru.
 10090 | D:10     | Reached XP level 11. HP: 77/79 MP: 11/11
 10155 | D:10     | Reached skill level 10 in Staves
 10446 | D:9      | Identified the +6 great mace "Ejacwiy" {speed, Str+4}
 10446 | D:9      | Noticed a two-headed ogre
 10446 | D:9      | Noticed a two-headed ogre
 10447 | D:9      | Found a transporter.
 10447 | D:9      | Noticed MrCrawl's ghost (novice TeFE)
 10447 | D:9      | Noticed a two-headed ogre
 10449 | D:9      | Noticed a two-headed ogre
 10454 | D:9      | Found a transporter.
 10493 | D:9      | Found Caututiq's Neck Hole.
 10497 | D:9      | Bought an amulet of regeneration for 390 gold pieces
 10537 | D:9      | Found an ancient bone altar of Kikubaaqudgha.
 10595 | D:9      | Found a shimmering blue altar of Sif Muna.
 10662 | D:9      | Found a burning altar of Makhleb.
 11113 | Orc:1    | Entered Level 1 of the Orcish Mines
 11153 | Orc:1    | Noticed an orc sorcerer
 11157 | Orc:1    | an orc sorcerer changed into a faun
 11157 | Orc:1    | Noticed a faun
 11165 | Orc:1    | Killed a faun
 11230 | Orc:1    | Noticed an orc sorcerer
 11230 | Orc:1    | Paralysed by an orc sorcerer for 4 turns
 11235 | Orc:1    | Noticed a sixfirhy
 11235 | Orc:1    | Killed an orc sorcerer
 11326 | D:9      | Bought a scarf of invisibility for 156 gold pieces
 11434 | D:7      | Bought a wand of flame (8) for 72 gold pieces
 11434 | D:7      | Bought a wand of flame (5) for 45 gold pieces
 11554 | Orc:1    | Found Goos Kewn's Distillery.
 12139 | Orc:2    | Entered Level 2 of the Orcish Mines
 12139 | Orc:2    | Found a staircase to the Elven Halls.
 12175 | Orc:2    | Noticed an ettin
 12183 | Orc:2    | Killed an ettin
 12198 | Orc:2    | Noticed an orc knight
 12304 | Lair:1   | Entered Level 1 of the Lair of Beasts
 12324 | Lair:1   | Reached XP level 12. HP: 92/92 MP: 12/12
 12331 | Lair:1   | Bought an ivory falchion for 176 gold pieces
 12331 | Lair:1   | Identified the +6 falchion of Springtime {speed, rF+} (You
                  | bought it in a shop on level 1 of the Lair of Beasts)
 12334 | Lair:1   | Bought a scroll of teleportation for 66 gold pieces
 12411 | Lair:1   | Reached skill level 5 in Armour
 12609 | Lair:1   | Identified the +9 spear "Kausm" {venom, Fragile Will+ rCorr
                  | Str+3}
 12809 | Lair:1   | Reached skill level 10 in Fighting
 13834 | Lair:2   | Reached skill level 5 in Shields
 14061 | Lair:2   | Reached XP level 13. HP: 78/103 MP: 13/13
 14681 | Lair:2   | Found a staircase to the Snake Pit.
 15117 | Lair:2   | Noticed a seven-headed hydra
 15124 | Lair:2   | Noticed a six-headed hydra
 15155 | Lair:3   | Noticed Amaemon
 15367 | Lair:3   | Noticed Gastronok
 15375 | Lair:3   | Noticed a five-headed hydra
 15393 | Lair:2   | Killed Gastronok
 15410 | Lair:3   | Found a transporter.
 15414 | Lair:3   | Noticed a four-headed hydra
 15425 | Lair:3   | Killed a four-headed hydra
 15452 | Lair:3   | Found a transporter.
 15512 | Lair:3   | Killed Amaemon
 15969 | D:10     | Found a basalt altar of Yredelemnul.
 16589 | D:11     | Reached skill level 10 in Armour
 16589 | D:11     | Reached skill level 10 in Dodging
 16589 | D:11     | Reached XP level 14. HP: 80/110 MP: 14/14
 17344 | D:12     | Noticed Fannar
 17376 | D:12     | Killed Fannar
 17468 | D:12     | Noticed Urug
 17478 | D:12     | Killed Urug
 18102 | D:13     | Upgraded the game from 0.31-a0-590-g8a5a4361df to
                  | 0.31-a0-631-g285b096dc4
 18549 | D:13     | Found a gate to the Vaults.
 19126 | Lair:1   | Bought the +9 scales of the Dragon King {rPois rF+ rC+
                  | Will+} for 1248 gold pieces
 19126 | Lair:1   | Found the +9 scales of the Dragon King {rPois rF+ rC+
                  | Will+}
 19247 | Lair:2   | Found a staircase to the Swamp.
 19353 | Lair:3   | Reached skill level 1 in Maces & Flails
 19366 | Lair:3   | Found a one-way gate to the infinite horrors of the Abyss.
 19455 | Lair:3   | Noticed zero's ghost (journeyman GrEE)
 20039 | Lair:4   | Reached XP level 15. HP: 79/115 MP: 15/15
 20052 | Lair:4   | Reached skill level 5 in Maces & Flails
 20241 | Lair:4   | Noticed Josephine
 20292 | Lair:4   | Killed Josephine
 20309 | Lair:4   | Noticed Sonja
 20310 | Lair:4   | Killed Sonja
 20880 | Lair:5   | Entered Level 5 of the Lair of Beasts
 21447 | Lair:5   | Learned a level 1 spell: Apportation
 21451 | Lair:5   | Learned a level 3 spell: Portal Projectile
 21479 | Lair:5   | Reached skill level 1 in Throwing
 21631 | Lair:5   | Reached skill level 2 in Throwing
 21651 | Lair:5   | Reached skill level 3 in Throwing
 22014 | Lair:5   | Reached skill level 4 in Throwing
 22357 | Lair:5   | Reached skill level 5 in Throwing
 22842 | Lair:5   | Found a runed translucent door.
 22842 | Lair:5   | Found a viscous altar of Jiyva.
 22846 | Lair:5   | Found a staircase to the Slime Pits.
 23083 | Lair:5   | Reached skill level 6 in Throwing
 23190 | Lair:5   | Found a large runed translucent door.
 23191 | Lair:5   | Found a large runed translucent door.
 23437 | Lair:2   | Reached skill level 7 in Throwing
 23827 | Orc:1    | Reached XP level 16. HP: 101/122 MP: 6/16
 24093 | Orc:2    | Noticed Saint Roka
 24135 | Orc:2    | HP: 2/122 [orc priest/divine providence (15)]
 24260 | Orc:1    | Reached skill level 8 in Throwing
 24529 | Orc:2    | Killed Saint Roka
 24797 | Orc:2    | Reached skill level 9 in Throwing
 25180 | Orc:2    | Found Cuesmudaqoih's Antique Weapon Emporium.
 25194 | Orc:2    | Bought an ancient trident for 204 gold pieces
 25194 | Orc:2    | Identified the +10 trident "Usioch" {flame, *Rage rN+ Str-2
                  | Dex+5 SInv} (You bought it in a shop on level 2 of the
                  | Orcish Mines)
 25206 | Orc:2    | Found Zugyolue's Jewellery Emporium.
 25410 | Orc:2    | Found Daibul Govvu's General Store.
 25416 | Orc:2    | Bought 4 curare-tipped darts for 76 gold pieces
 25416 | Orc:2    | Bought a scroll of summoning for 152 gold pieces
 25416 | Orc:2    | Bought a scroll of revelation for 120 gold pieces
 25425 | Orc:2    | Found Riez's Antique Armour Emporium.
 25587 | D:7      | Bought a potion of heal wounds for 70 gold pieces
 25729 | Swamp:1  | Entered Level 1 of the Swamp
 25979 | Swamp:1  | Reached skill level 10 in Throwing
 25981 | Swamp:1  | Reached skill level 1 in Polearms
 26326 | Swamp:1  | Identified the +2 leather armour of Responsibility {rCorr
                  | Str+3 Stlth-}
 26841 | Swamp:2  | Reached skill level 5 in Polearms
 27029 | Swamp:2  | Noticed Jorgrun
 27055 | Swamp:2  | Killed Jorgrun
 27904 | Swamp:3  | Reached XP level 17. HP: 128/128 MP: 6/17
 28468 | Swamp:4  | Entered Level 4 of the Swamp
 28656 | Swamp:4  | Noticed Nikola
 28902 | Swamp:4  | Killed Nikola
 29280 | Swamp:4  | Reached skill level 15 in Armour
 29886 | Swamp:4  | Identified the amulet "Roezxod" {Faith Rampage Will+ Str+2
                  | Stlth+}
 29911 | Swamp:4  | Got a decaying rune of Zot
 30234 | Lair:1   | Bought a runed broad axe for 182 gold pieces
 30290 | Snake:1  | Entered Level 1 of the Snake Pit
 30406 | Snake:1  | Reached skill level 1 in Axes
 31261 | Snake:1  | Reached skill level 5 in Axes
 31850 | Snake:1  | Identified the +1 dagger of Geugac {venom, Fragile rC+
                  | Will+ rCorr Int+3}
 32284 | Snake:2  | Reached XP level 18. HP: 138/138 MP: 8/18
 32560 | Snake:2  | Found a frozen archway.
 32572 | IceCv    | Entered an ice cave
 32714 | IceCv    | Found a transporter.
 32723 | IceCv    | Found a transporter.
 33247 | Snake:2  | Found Zehuicw's Assorted Antiques.
 33260 | Snake:2  | Found Fompuq's Antique Armour Shop.
 33263 | Snake:2  | Found Hiwynaec's Antique Weapon Boutique.
 33266 | Snake:2  | Bought a scroll of teleportation for 87 gold pieces
 33266 | Snake:2  | Bought a scroll of teleportation for 87 gold pieces
 33741 | Snake:2  | Reached skill level 10 in Axes
 36268 | Snake:3  | Identified the +4 ring mail of Fapnitt {rF+ rC+}
 37753 | Snake:4  | Entered Level 4 of the Snake Pit
 38036 | Snake:4  | Reached XP level 19. HP: 129/144 MP: 15/19
 39763 | Snake:4  | Found Zolynnia's Book Shop.
 39765 | Snake:4  | Found Raoqefem's Jewellery Emporium.
 39766 | Snake:4  | Found Uwkuwk's Book Shop.
 39779 | Snake:4  | Bought the amulet "Tumnauh" {Reflect rC+ rCorr Str+2 SH+5}
                  | for 699 gold pieces
 39794 | Snake:4  | Bought a manual of Dodging for 800 gold pieces
 40495 | Snake:4  | Got a serpentine rune of Zot
 40625 | Snake:4  | Bought the macabre finger necklace {Finger+ rN+} for 520
                  | gold pieces
 40625 | Snake:4  | Found the macabre finger necklace {Finger+ rN+}
 42511 | D:15     | Entered Level 15 of the Dungeon
 42519 | D:15     | Reached skill level 15 in Axes
 43149 | D:15     | Found a broken altar of Ashenzari.
 44329 | D:15     | Found a staircase to the Depths.
 44401 | D:15     | Found a runed translucent door.
 44421 | D:15     | Noticed Layddamu's ghost (journeyman HuFi)
 44528 | D:15     | Killed Layddamu's ghost
 44620 | Vaults:1 | Entered Level 1 of the Vaults
 45085 | Vaults:1 | Reached XP level 20. HP: 85/151 MP: 20/20
 45997 | Vaults:1 | Identified the +6 sling of Day {flame, Int+6}
 46537 | Vaults:2 | Noticed Frederick
 46542 | Vaults:2 | Reached skill level 15 in Dodging
 47133 | Vaults:2 | Killed Frederick
 48574 | Vaults:2 | Found a staircase to the Crypt.
 48903 | Vaults:2 | Found Tiazef's Armour Emporium.
 48911 | Vaults:2 | Bought a +2 helmet of see invisible for 365 gold pieces
 49186 | Vaults:3 | Found Vubimov's Jewellery Shoppe.
 49307 | Vaults:3 | Upgraded the game from 0.31-a0-631-g285b096dc4 to
                  | 0.31-a0-664-g902f515a81
 50169 | Vaults:2 | Reached XP level 21. HP: 114/156 MP: 21/21
 52407 | Vaults:4 | Noticed Xtahua
 52430 | Vaults:4 | Killed Xtahua
 53335 | Vaults:4 | Reached skill level 10 in Shields
 53808 | Vaults:4 | Found Ejah Igi's Antique Armour Shop.
 53918 | Vaults:4 | Found a shimmering blue altar of Sif Muna.
 53922 | Vaults:4 | Found a transporter.
 53939 | Vaults:4 | Noticed a golden dragon
 53956 | Vaults:4 | Killed a golden dragon
 54147 | Vaults:4 | Reached XP level 22. HP: 82/163 MP: 22/22
 54798 | Vaults:4 | Found a transporter.
 55172 | Elf:1    | Entered Level 1 of the Elven Halls
 55688 | Elf:1    | Found Enlaetuj's Antique Armour Emporium.
 55766 | Elf:1    | Found a runed translucent gate.
 55768 | Elf:1    | Found a runed translucent gate.
 55804 | Elf:1    | Found a runed translucent gate.
 55841 | Elf:1    | Noticed Frances
 55852 | Elf:1    | Killed Frances
 55877 | Elf:1    | Noticed Norris
 56416 | Elf:1    | Killed Norris
 56465 | Elf:1    | Identified 2 scrolls of acquirement
 56477 | Elf:1    | Acquired the +0 pair of gloves of the Scribe {rF+ rN+
                  | Str+4}
 56727 | Elf:1    | Acquired 609 gold pieces
 57517 | Elf:2    | Paralysed by an air elemental for 1 turns
 57522 | Elf:2    | Paralysed by an air elemental for 1 turns
 57528 | Elf:2    | Paralysed by an air elemental for 1 turns
 57833 | Elf:2    | Found Cineliud's Book Emporium.
 57837 | Elf:2    | Bought a manual of Shields for 880 gold pieces
 57840 | Elf:2    | Learned a level 2 spell: Blink
 57840 | Elf:2    | Bought a book of Weapons for 286 gold pieces
 57846 | Elf:2    | Learned a level 4 spell: Iskenderun's Mystic Blast
 57880 | Elf:2    | Paralysed by an air elemental for 1 turns
 58039 | Elf:2    | Found a huge runed translucent gate.
 58039 | Elf:2    | Found a huge runed translucent gate.
 58039 | Elf:2    | Found a huge runed translucent gate.
 58039 | Elf:2    | Found a huge runed translucent gate.
 58039 | Elf:2    | Found a huge runed translucent gate.
 58325 | Elf:3    | Entered Level 3 of the Elven Halls
 59107 | Elf:2    | Reached skill level 15 in Shields
 60534 | Elf:3    | Reached XP level 23. HP: 156/157 MP: 23/23
 60956 | Elf:3    | Identified the +9 long sword of the Warrior {flame, rN+}
 60966 | Elf:3    | Identified the +6 quarterstaff of Honour {speed, +Blink
                  | rElec Int-5 Stlth-}
 60994 | Elf:3    | Identified the +4 pair of boots of Calculation {Str+3}
 61008 | Elf:3    | Found the +10 pair of quick blades "Gyre" and "Gimble"
                  | {protect}
 61015 | Elf:3    | Identified the +2 cloak of the Unbroken {Rampage rPois rN+
                  | Int-4}
 61031 | Elf:3    | Got Fesiatt's Advanced Guide to the Histories of Mysteries
 61037 | Elf:3    | Got Sif Muna's Lessons on the Wyrd and Superposition
 61045 | Elf:3    | Got the Codex of Chilled Damage
 61075 | Elf:3    | Identified the +3 falchion "Aschuc" {holy, rN+}
 61717 | Vaults:5 | Entered Level 5 of the Vaults
 62009 | Vaults:5 | Reached skill level 11 in Throwing
 62501 | Vaults:5 | Noticed a golden dragon
 62513 | Vaults:5 | Noticed a dread lich
 62514 | Vaults:5 | Killed a golden dragon
 62518 | Vaults:5 | HP: 2/169 [deep elf high priest/arrow (10)]
 62876 | Vaults:4 | Killed a dread lich
 62888 | Vaults:4 | Reached skill level 12 in Throwing
 62940 | Vaults:3 | Bought the ring "Rijerorch" {rElec rPois Will+ Slay+3} for
                  | 887 gold pieces
 63737 | Vaults:5 | Noticed a dread lich
 64159 | Vaults:5 | Found Bofoq's Book Boutique.
 64178 | Vaults:5 | Reached skill level 13 in Throwing
 64252 | Vaults:5 | Killed a dread lich
 64417 | Vaults:5 | Identified the +8 chain mail of Fyfib {rF+ Int+5}
 64486 | Vaults:5 | Got a silver rune of Zot
 64681 | Vaults:5 | Reached XP level 24. HP: 165/176 MP: 23/23
 64697 | Vaults:5 | Reached skill level 14 in Throwing
 65095 | Vaults:5 | Identified the +5 chain mail of Wu Jian, Feeding {rPois
                  | Regen+ rCorr Dex-4}
 65208 | Vaults:5 | Reached skill level 15 in Throwing
 65823 | Vaults:5 | Identified the +0 robe "Siox" {rCorr Int-4 Slay+2}
 66172 | Vaults:5 | Identified the amulet of the Vanishing Friars {Reflect
                  | Int+4 Dex-5 SH+5 Stlth+}
 66374 | Vaults:5 | Reached skill level 16 in Throwing
 66393 | Vaults:5 | Got the Incunabulum of Destruction
 66737 | Vaults:5 | Found Vaepeiva's Distillery.
 66747 | Vaults:5 | Bought a potion of curing for 42 gold pieces
 66747 | Vaults:5 | Bought a potion of curing for 42 gold pieces
 66747 | Vaults:5 | Bought a potion of curing for 42 gold pieces
 66747 | Vaults:5 | Bought a potion of might for 56 gold pieces
 66747 | Vaults:5 | Bought a potion of magic for 112 gold pieces
 66946 | Crypt:1  | Entered Level 1 of the Crypt
 67625 | Crypt:1  | Bought a potion of haste for 160 gold pieces
 67625 | Crypt:1  | Bought a potion of curing for 48 gold pieces
 67625 | Crypt:1  | Bought a potion of mutation for 128 gold pieces
 68065 | Crypt:1  | Reached skill level 17 in Throwing
 68864 | Crypt:2  | Noticed Mennas
 68880 | Crypt:2  | Killed Mennas
 69267 | Crypt:2  | Reached skill level 18 in Throwing
 69529 | Crypt:2  | Reached XP level 25. HP: 166/182 MP: 23/23
 69664 | Crypt:2  | Noticed Grunn
 69677 | Crypt:2  | Killed Grunn
 70294 | Crypt:3  | Entered Level 3 of the Crypt
 70329 | Crypt:3  | Reached skill level 19 in Throwing
 70658 | Crypt:3  | Found a staircase to the Tomb.
 70988 | Crypt:3  | Reached skill level 20 in Throwing
 71435 | Crypt:3  | Noticed a curse toe
 71449 | Crypt:3  | Killed a curse toe
 71903 | Crypt:3  | Noticed an ancient lich
 71932 | Crypt:3  | Killed an ancient lich
 72016 | Crypt:3  | Got Fygyuhol's Treatise on Pollution
 72025 | Crypt:3  | Identified the amulet of Zuekegung {Acrobat Rampage +Blink
                  | rF+ rC-}
 72029 | Crypt:3  | Identified the ring of Xegyog {+Blink rElec rN+ Will++
                  | Int+4}
 72029 | Crypt:3  | Identified the ring of Nemapoc {rN+ Dex+4}
 72532 | Slime:1  | Entered Level 1 of the Pits of Slime
 72620 | Slime:1  | Reached skill level 21 in Throwing
 72623 | Slime:1  | Gained mutation: Your spells are a little easier to cast,
                  | but a little less powerful. [a shining eye]
 73284 | Slime:4  | Paralysed by a floating eye for 2 turns
 73327 | Slime:5  | Entered Level 5 of the Pits of Slime
 73327 | Slime:5  | Found the +11 plutonium sword {Contam Stlth-}
 73327 | Slime:5  | Found the +8 Wrath of Trog {antimagic, *Rage Rampage}
 73339 | Slime:5  | Reached XP level 26. HP: 184/188 MP: 23/23
 73800 | Slime:5  | Gained mutation: You are clumsy. (Dex -2) [a shining eye]
 73835 | Slime:5  | Reached skill level 22 in Throwing
 73880 | Slime:5  | Noticed Dissolution
 73894 | Slime:5  | Gained mutation: You are occasionally teleported next to
                  | monsters. [a shining eye]
 73897 | Slime:5  | Killed Dissolution
 73914 | Slime:5  | Lost mutation: Your spells are a little easier to cast, but
                  | a little less powerful. [potion of mutation]
 73914 | Slime:5  | Lost mutation: You are occasionally teleported next to
                  | monsters. [potion of mutation]
 73914 | Slime:5  | Lost mutation: You are clumsy. (Dex -2) [potion of
                  | mutation]
 73914 | Slime:5  | Gained mutation: Your mind is acute. (Int +4, Str/Dex -1)
                  | [potion of mutation]
 73917 | Slime:5  | Found a viscous altar of Jiyva.
 73994 | Slime:5  | Gained mutation: Your spells are a little easier to cast,
                  | but a little less powerful. [a shining eye]
 74109 | Slime:5  | Noticed the Royal Jelly
 74119 | Slime:5  | Killed the Royal Jelly
 74161 | Slime:5  | HP: 9/188 [drowned by a quicksilver ooze[the Royal Jelly]
                  | (8)]
 74597 | Slime:5  | Got the Exposition on the Wendigo
 74628 | Slime:5  | Identified the +8 quarterstaff of Attainder {holy, Will+
                  | Str+3 Int-3}
 74629 | Slime:5  | Identified the +1 arbalest "Ultimatum" {penet, *Slow rElec
                  | rPois}
 74630 | Slime:5  | Identified the +5 war axe "Dabam" {flame, rN+}
 74632 | Slime:5  | Got the Atlas of Allied Transmigration
 74642 | Slime:5  | Identified the +3 leather armour "Cynes" {MP-9 Dex+6}
 74663 | Slime:5  | Got a slimy rune of Zot
 74666 | Slime:5  | Got the Folio of the Chill
 74712 | Slime:5  | Identified the +6 bardiche "Sarcophage" {antimagic, rCorr
                  | Str-2 Dex+4 SInv}
 74740 | Slime:5  | Acquired 888 gold pieces
 75153 | Depths:1 | Entered Level 1 of the Depths
 75305 | Depths:1 | Reached skill level 23 in Throwing
 75595 | Depths:2 | Found Ockerph's Weapon Shop.
 75624 | Depths:2 | Found Didoriu's Antique Armour Emporium.
 75669 | Depths:2 | Found a runed translucent gate.
 75670 | Depths:2 | Found a runed translucent gate.
 75670 | Depths:2 | Found a runed translucent gate.
 75678 | Depths:2 | Found Enofig's General Store.
 75684 | Depths:2 | Bought a potion of heal wounds for 75 gold pieces
 75684 | Depths:2 | Bought a potion of curing for 45 gold pieces
 75684 | Depths:2 | Bought a wand of digging (7) for 441 gold pieces
 75684 | Depths:2 | Bought a wand of flame (6) for 63 gold pieces
 75684 | Depths:2 | Bought a scroll of vulnerability for 60 gold pieces
 75762 | Depths:2 | Found a one-way gate leading to the halls of Pandemonium.
 75860 | Depths:2 | Found a magical portal.
 75860 | Depths:2 | Identified the amulet "Haibuhut" {Acrobat Harm Fragile
                  | Will+ Int+4}
 76386 | Depths:1 | Noticed Asterion
 76392 | Depths:1 | Killed Asterion
 76445 | Depths:2 | Identified the +2 flail "Wemiy" {drain, rN+}
 76450 | Depths:1 | Reached skill level 24 in Throwing
 77010 | Depths:2 | Found a gateway to Hell.
 77144 | Depths:2 | Reached XP level 27. HP: 146/194 MP: 23/23
 77151 | Depths:2 | Identified the +0 long sword "Nodev" {speed, Dex+2}
 77584 | Depths:2 | Identified the +0 scale mail of Ilegh {+Blink}
 77633 | Depths:2 | Found a radiant altar of Vehumet.
 77633 | Depths:2 | Found a hazy altar of Hepliaklqana.
 77641 | Depths:2 | Found a broken altar of Ashenzari.
 77641 | Depths:2 | Found a radiant altar of Vehumet.
 77646 | Depths:2 | Got the Enchiridion on Iniquitous Liturgies
 78046 | Depths:2 | Reached skill level 25 in Throwing
 78090 | Depths:2 | Found a runed translucent gate.
 78090 | Depths:2 | Found a runed translucent gate.
 78097 | Depths:2 | Found a runed translucent gate.
 78097 | Depths:2 | Noticed Acveupuk's ghost (journeyman HOMo)
 78306 | Depths:2 | Killed Acveupuk's ghost
 78352 | Depths:2 | Gained mutation: Your magical capacity is low. (-10% MP) [a
                  | cacodemon]
 78421 | Depths:2 | Identified the +0 cloak "Fuwkor" {Str+3 Dex+3}
 78981 | Depths:1 | Noticed Louise
 78996 | Depths:1 | Killed Louise
 79088 | Depths:1 | Identified the +1 leather armour of Pote {rC+ Dex+3}
 79310 | Depths:3 | Found a blossoming altar of Fedhas.
 79498 | Depths:3 | Noticed a juggernaut
 79509 | Depths:3 | Killed a juggernaut
 79515 | Depths:3 | Found a transporter.
 79691 | Depths:3 | Reached skill level 26 in Throwing
 79941 | Depths:3 | Found a transporter.
 80342 | Depths:3 | Noticed a juggernaut
 80366 | Depths:3 | Killed a juggernaut
 80865 | Depths:3 | Identified the +4 rapier of Hyveokk {flame, rPois rCorr
                  | Dex+3}
 80876 | Depths:3 | Identified the +11 hand axe of Bosiak {drain, Drain rPois
                  | rF- Dex+8}
 80880 | Depths:3 | Identified the amulet "Asetapuer" {RegenMP +Blink Regen+
                  | Dex-5}
 80887 | Depths:3 | Identified the staff of Famine {rElec rPois rC+ Dex-2 SInv
                  | Stlth+ Ice}
 80896 | Depths:3 | Identified the ring "Kiych" {rF+ rC+ MP+9 Dex-2}
 80969 | Depths:4 | Entered Level 4 of the Depths
 81138 | Depths:4 | Found Wudghepia's Armour Shop.
 81173 | Depths:4 | Found a one-way gateway to a ziggurat.
 81280 | Depths:4 | Found a gate to the Realm of Zot.
 81301 | Depths:4 | Reached skill level 27 in Throwing
 81721 | Depths:4 | Found a runed translucent gate.
 81721 | Depths:4 | Found a runed translucent gate.
 81722 | Depths:4 | Found a runed translucent gate.
 81727 | Depths:4 | Identified the ring "Coqonui" {EV+5 Str+5 Int-3}
 81728 | Depths:4 | Noticed Hacs's ghost (veteran DgCj)
 82180 | Depths:4 | Paralysed by a Zot trap for 5 turns
 82227 | Depths:4 | Killed Hacs's ghost
 82551 | Depths:4 | Identified the +3 hat of Daffodils {rPois rF++ Str+2}
 83073 | Zot:1    | Entered Level 1 of the Realm of Zot
 83742 | Zot:1    | Identified the +0 robe of Fiukip {-Tele Dex+6 SInv
                  | Archmagi}
 85502 | Zot:2    | Reached skill level 15 in Evocations
 87126 | Zot:3    | Noticed Vv
 87173 | Zot:3    | Killed Vv
 88608 | Zot:4    | Noticed a Killer Klown
 88608 | Zot:4    | Noticed a Killer Klown
 88608 | Zot:4    | Noticed a dread lich
 88668 | Zot:4    | Noticed a Killer Klown
 88686 | Zot:3    | Killed a Killer Klown
 88694 | Zot:4    | Noticed a Killer Klown
 88716 | Zot:3    | Killed a dread lich
 88933 | Zot:3    | Killed a Killer Klown
 88955 | Zot:4    | Killed a Killer Klown
 89256 | Zot:4    | a Killer Klown changed into a shard shrike
 89256 | Zot:4    | Noticed a shard shrike
 89264 | Zot:4    | HP: 8/194 [green draconian/+0 flail (5)]
 89265 | Zot:4    | Mangled by a purple draconian

Illustrated notes

Levels and vault maps discovered:
D:1:      wheals_arrival_shading, layout_rooms
D:2:      layout_loops_ring, minmay_hedge_maze
D:3:      layout_basic, led_xom_imps, serial_undead, serial_undead_b,
          serial_undead_a, serial_undead_c, serial_undead_b, serial_undead_d,
          serial_undead_a
D:4:      layout_basic, minmay_manual_mess, uniq_natasha, uniq_sigmund
D:5:      layout_basic, serial_park_tiny_pond, nrook_loot_triangle, uniq_grinder
D:6:      layout_rooms, mainiacjoe_overflow_cross_hatched,
          nicolae_overflow_squiral, portal_sewer_entry_d,
          minmay_fractal_squares_gapless_5, uniq_pikel
D:7:      layout_loops_ring, general_overflow_altar,
          lemuel_coloured_pillars_altar, minmay_temple_entry_slanted,
          serial_shops, nicolae_shop_behind_doors, nicolae_shop_rolling_square,
          nicolae_shop_pleasant_corner_grove, uniq_duvessa,
          uniq_crazy_yiuf_cottage
D:8:      layout_basic, nicolae_elyvilon_peaceful_grove,
          mainiacjoe_overflow_alcove_1, lemuel_crystal_altar, dpeg_oklobed_lair,
          enter_bailey_6, special_room [special_room_orc]
D:9:      layout_irregular_city, mainiacjoe_overflow_small_starburst,
          cheibriados_altar_1, mainiacjoe_overflow_alcove_2, tgw_kikubaaqudgha,
          grunt_qazlal_sundering, david_orc_2, gammafunk_ghost_smash,
          nicolae_shop_sticking_my_neck_out
D:10:     layout_roguey, okawaru_metal_pillars_1_2, yredelemnul_altar_generic,
          billiards_dpeg
D:11:     layout_irregular_city
D:12:     layout_loops_ring, grunt_livestock, uniq_urug, uniq_fannar
D:13:     layout_loops_ring, ximxim_vaults_locker_room, ice2_lemuel
D:14:     layout_long_grid, nicolae_lava_and_water
D:15:     grunt_enter_depths_snipers, layout_loops_corners,
          ebering_ghost_reflecting_pool, cheibrodos_ashenzari_chains
Lair:1:   layout_cave_pods, serial_bayou_shore_a
Lair:2:   layout_regular_city, palyth_hydra_swamp_entry,
          nicolae_snake_entry_squirm, serial_bayou_pond_d, serial_bayou_ford_a
Lair:3:   layout_roguey, gammafunk_ghost_abyssal_escape, uniq_gastronok,
          uniq_amaemon
Lair:4:   layout_roguey, beast_lair_carwin_9, lemuel_fruit_tree, uniq_josephine,
          uniq_sonja
Lair:5:   cheibrodos_lair_end_hotspot, layout_regular_city, slime_entry_2
Swamp:1:  layout_basic_swamp, evilmike_swamp_ruin_house_5
Swamp:2:  layout_basic_swamp, hangedman_swamp_ruin_wall,
          infiniplex_staircase_pool_2, uniq_jorgrun
Swamp:3:  layout_falls_marsh, evilmike_swamp_ruin_house_1, swamp_pool1,
          nicolae_swamp_tree_designs
Swamp:4:  swamp_alternative, layout_basic_swamp, swamp_pool1, kb_tengu_band,
          uniq_nikola
Snake:1:  layout_gridlike
Snake:2:  layout_cave_town, portal_ice_cave_entry_ugly_swarm, st_stairs_14,
          grunt_ministairs_15, minmay_shop_star
Snake:3:  layout_cave_town, grunt_megastairs_1
Snake:4:  snake_pit, layout_basic, serial_bayou_shore_b, minmay_shop_grove
Slime:1:  layout_caves
Slime:2:  layout_caves
Slime:3:  layout_caves
Slime:4:  cheibrodos_slime_lost_civilization_2, layout_caves,
          nicolae_slime_getting_an_eyeful
Slime:5:  slime_pit_nicolae_jellycorners, uniq_dissolution
Orc:1:    layout_caves, special_room [special_room_kobold], serial_shops,
          nicolae_shop_industrial_runoff, nooodl_orcs_dogs
Orc:2:    grunt_orc_cross, layout_caves
Elf:1:    eino_elf_arrival_shootout, layout_onion_city,
          ploomutoo_gammafunk_ghost_potion_laboratory, serial_shops,
          nicolae_take_the_stairs, hangedman_elf_disciples,
          einodemon_crawler_minivault, uniq_frances, uniq_norris
Elf:2:    elven_hall_of_blades_hangedman_alternative [nicolae_blade_bullseye],
          layout_onion_city, serial_shops, shop, uniq_louise
Elf:3:    minmay_elf_hall_circle, layout_geoelf_octagon, minivault_16,
          nicolae_elf_martial_mastery
Vaults:1: v_alt_pattern_5, v_misc_32, vaults_room_door_ring,
          vaults_dpeg_encased_lava, nicolae_vaults_wine_cellar,
          nicolae_vaults_little_squares_6, nicolae_vaults_little_ls,
          nicolae_vaults_network_periphery, nicolae_vaults_tangram_1,
          layout_vaults_big_room
Vaults:2: portal_desolation_entry_nicolae_slug,
          nicolae_vaults_oval_intersection, nicolae_vaults_bisected_slash,
          vaults_room_stairs_pillars, nicolae_vaults_house_2,
          nicolae_vaults_trapezoid_4, nicolae_vaults_big_angled_halls,
          nicolae_vaults_circle_grid_b, nicolae_vaults_network_star,
          vaults_mumra_hexcomb, v_rooms_4, nicolae_vaults_little_guard_posts,
          layout_vaults_omnicross, dummy_crypt_entry, serial_shops, shop_statue,
          uniq_frederick
Vaults:3: dpeg_vaults_monster_box, nicolae_vaults_closet_pinwheel_3,
          nicolae_vaults_sesquioval_fish, st_spiral_rooms, v_misc_27,
          hangedman_vaults_cutoff, ontoclasm_vaults_chip, vaults_mumra_lcd,
          vaults_dpeg_emergency_exit, nicolae_vaults_lightning_bolt,
          nicolae_vaults_tetromino_L_1, layout_vaults_quadrants, serial_shops,
          nicolae_shop_tiny_waterfront
Vaults:4: nicolae_vaults_spaceships, nicolae_vaults_steering_wheel, v_misc_11,
          nicolae_vaults_network_quincunx
          [nicolae_vaults_network_quincunx_subvault,
          nicolae_vaults_network_quincunx_subvault,
          nicolae_vaults_network_quincunx_subvault,
          nicolae_vaults_network_quincunx_subvault,
          nicolae_vaults_network_quincunx_subvault],
          nicolae_vaults_closet_pinwheel_6, nicolae_vaults_wrenched,
          gammafunk_sealed_library, nicolae_vaults_tetromino_T_2,
          nicolae_vaults_trapezoid_3, nicolae_vaults_trapezoid_layered,
          nicolae_vaults_diamond_1, nicolae_vaults_theta, vaults_room_hallway,
          vaults_dpeg_diagonal, vaults_room_large_hall, vaults_room_semicircle,
          nicolae_vaults_oval_intersection, layout_vaults_omnibox, serial_shops,
          shop, uniq_xtahua
Vaults:5: serial_shops
Crypt:1:  layout_chaotic_city, grunt_crypt_arrival_webbed
Crypt:2:  layout_misc_corridors, serial_sigils_hangedman_clutch,
          grunt_ministairs_13, lemuel_upstairs_altar, grunt_megastairs_5,
          uniq_mennas, uniq_grunn, uniq_saint_roka
Crypt:3:  david_glass_crypt, layout_gridlike, tomb_entry_pyramid_bobbens
Depths:1: layout_gridlike, hell_entry, wad_floor_pattern_2,
          nicolae_abyss_entry_one_way_or_another,
          hangedman_abyss_or_decor_jellyfish_corner, kennysheep_two_boxes,
          uniq_asterion
Depths:2: minmay_the_grid_octo_tiled_squarecenter_mashed
          [minmay_the_grid_octo_shrine, minmay_the_grid_octo_checkered,
          minmay_the_grid_octo_teeth, minmay_the_grid_octo_clover,
          minmay_the_grid_square_5x5_megaprize_crossed,
          minmay_the_grid_square_5x5_six, minmay_the_grid_square_5x5_n,
          minmay_the_grid_square_5x5_half_checkered,
          minmay_the_grid_square_5x5_fat_x], layout_basic, hell_entry,
          ploomutoo_gammafunk_ghost_potion_laboratory, serial_shops,
          shop_fountains, shop, nicolae_shop_stone, grunt_pan_entry_sceptre,
          infiniplex_enter_wizlab_water
Depths:3: gammafunk_dig_for_victory, layout_long_grid, pan_entry,
          fedhas_altar_3, abyss_entry, hell_entry, minmay_staircase_bubble
Depths:4: grunt_zot_entry_funnels, layout_basic, enter_ziggurat_c, serial_shops,
          nicolae_shop_waterfront, abyss_entry, gammafunk_ghost_tricky_traps,
          hell_entry, nrook_pool_corridor, hangedman_decor_peaks_small,
          dpeg_stationary_puzzle
Zot:1:    nicolae_zot_stationary_front, layout_misc_corridors, uniq_josephina
Zot:2:    layout_concentric_octagons
Zot:3:    layout_cellular_growth, uniq_vv
Zot:4:    ebering_klown_carousel, layout_basic, st_stairs_2

Skill      XL: |  1  2  3  4  5  6  7  8  9 10 11 12 13 14 15 16 17 18 19 20 21 22 23 24 25 26 27 |
---------------+----------------------------------------------------------------------------------+-----
Evocations     | 4 5 6 7 10 14 15 | 15.7
Fighting       | 4 5 8 10 11 | 11.2
Shields        | 4 5 6 11 15 17 18 | 18.7
Dodging        | 5 6 10 12 18 | 18.1
Armour         | 3 6 10 13 15 | 15.0
Necromancy     | 2 |  2.3
Staves         | 4 9 12 | 12.0
Maces & Flails | 4 9 |  9.3
Throwing       | 7 10 13 18 21 24 27 | 27.0
Polearms       | 8 9 |  9.3
Axes           | 6 13 16 17 18 22 | 22.8
Stealth        | |  1.0

Action                     |  1- 3 |  4- 6 |  7- 9 | 10-12 | 13-15 | 16-18 | 19-21 | 22-24 | 25-27 || total
---------------------------+-------+-------+-------+-------+-------+-------+-------+-------+-------++-------
  Melee: Club              |    49 |       |       |       |       |       |       |       |       ||    49
         Short sword       |    88 |   438 |   386 |       |       |       |       |       |       ||   912
         Punch             |     2 |     3 |     3 |     2 |       |       |       |       |       ||    10
         Scimitar          |       |       |   204 |   138 |       |       |       |       |       ||   342
         Quarterstaff      |       |       |       |   522 |       |       |       |       |       ||   522
         Spear             |       |       |       |   251 |  1639 |   251 |       |       |       ||  2141
         Trident           |       |       |       |       |       |   964 |       |       |       ||   964
         Broad axe         |       |       |       |       |       |   382 |  1646 |  1529 |  2654 ||  6211
         Morningstar       |       |       |       |       |       |       |       |   104 |       ||   104
  Throw: Throwing net      |       |       |       |       |     1 |       |       |       |       ||     1
         Dart              |       |       |       |       |     4 |     1 |     9 |    15 |    34 ||    63
         Boomerang         |       |       |       |       |       |       |    20 |   116 |   287 ||   423
         Javelin           |       |       |       |       |       |       |       |    17 |    34 ||    51
   Cast: Apportation       |       |       |       |       |       |       |       |       |     9 ||     9
 Invoke: Call Merchant     |       |       |       |     1 |     1 |     3 |     1 |     3 |     3 ||    12
         Potion Petition   |       |       |       |       |     1 |     1 |     1 |     1 |     8 ||    12
Ability: Evoke Invisibilit |       |       |       |     1 |     3 |       |       |       |       ||     4
         Evoke Blink       |       |       |       |       |       |       |       |       |    10 ||    10
  Evoke: Wand              |    11 |     5 |    24 |    32 |    26 |    15 |    15 |    15 |    45 ||   188
         Phantom mirror    |       |       |       |       |       |     1 |     3 |     2 |     6 ||    12
         Tin of tremorston |       |       |       |       |       |       |       |       |     7 ||     7
    Use: Scroll            |     3 |     4 |     8 |    13 |    12 |    11 |     7 |    25 |    33 ||   116
         Potion            |       |       |     3 |     1 |     8 |     6 |     5 |     9 |    20 ||    52
   Stab: Sleeping          |     1 |       |     1 |       |       |       |       |       |       ||     2
         Paralysed         |       |       |       |    14 |    12 |       |    16 |     7 |     7 ||    56
         Distracted        |       |       |       |     1 |    10 |     8 |     7 |    12 |    18 ||    56
         Invisible         |       |       |       |     3 |    15 |       |     2 |       |    34 ||    54
         Held in net/web   |       |       |       |       |     2 |       |       |       |       ||     2
 Armour: Leather armour    |    42 |       |       |       |       |       |       |       |       ||    42
         Ring mail         |    11 |   175 |    85 |   209 |   208 |       |       |       |       ||   688
         Robe              |       |       |   106 |    70 |       |       |       |       |       ||   176
         Gold dragon scale |       |       |       |       |   506 |  1222 |   972 |   985 |  1878 ||  5563
  Dodge: Dodged            |   103 |   180 |   313 |   514 |   555 |   545 |   447 |   377 |   700 ||  3734
  Block: Buckler           |       |       |   117 |    85 |   308 |   350 |   611 |       |       ||  1471
         Reflection        |       |       |       |       |       |       |    72 |   178 |    43 ||   293
         Tower shield      |       |       |       |       |       |       |   121 |  1691 |  3375 ||  5187

Table legend: (Time is in decaauts)
 A = Elapsed time spent in this place.
 B = Non-inter-level travel time spent in this place.
 C = Inter-level travel time spent in this place.
 D = Time resting spent in this place.
 E = Time spent auto-exploring this place.
 F = Levels seen in this place.
 G = Mean time per level.
                   A        B        C        D        E       F      G
               +--------+--------+--------+--------+--------+-----+--------+
         Total |  88229 |  81805 |   6424 |  24045 |  33247 |  56 | 1575.5 |
       Dungeon |  18617 |  15966 |   2651 |   1690 |   8933 |  15 | 1241.1 |
          Lair |   8451 |   7344 |   1107 |    581 |   4199 |   5 | 1690.2 |
         Swamp |   4732 |   4554 |    178 |   1462 |   1733 |   4 | 1183.0 |
     Snake Pit |  10403 |   9936 |    467 |   4391 |   3509 |   4 | 2600.8 |
    Slime Pits |   2141 |   1987 |    154 |    667 |    154 |   5 |  428.2 |
  Orcish Mines |   2668 |   2480 |    188 |    640 |    873 |   2 | 1334.0 |
   Elven Halls |   6232 |   6059 |    173 |   2670 |   2025 |   3 | 2077.3 |
        Vaults |  14994 |  14118 |    876 |   5704 |   5121 |   5 | 2998.8 |
         Crypt |   5034 |   4862 |    172 |   1636 |   1510 |   3 | 1678.0 |
        Depths |   8530 |   8182 |    348 |   2396 |   3029 |   4 | 2132.5 |
           Zot |   5233 |   5127 |    106 |   2098 |   1584 |   4 | 1308.2 |
         Sewer |   1030 |   1030 |      0 |      0 |    573 |   1 | 1030.0 |
      Ice Cave |    160 |    160 |      0 |    107 |      0 |   1 |  160.0 |
               +--------+--------+--------+--------+--------+-----+--------+

Top non-repeatable levels by time:
Vaults:4: 4392 daAuts
 Snake:3: 3409 daAuts
Vaults:5: 3186 daAuts
Depths:4: 2876 daAuts
   Elf:2: 2743 daAuts
Vaults:1: 2704 daAuts
 Snake:1: 2680 daAuts
  Lair:5: 2577 daAuts
Vaults:2: 2547 daAuts
 Snake:2: 2344 daAuts
 Crypt:2: 2308 daAuts
Vaults:3: 2163 daAuts
Depths:1: 2142 daAuts
   Zot:2: 2060 daAuts
  Lair:2: 2057 daAuts
